 Dungeon Crawl Stone Soup version 0.31.0-11-ge490571c62 (webtiles) character file.

Game seed: 17527692261121541664

1209 Scuka the Destroyer (level 8, 0/57 HPs)
             Began as a White Draconian Conjurer on Jan 28, 2024.
             Slain by an orc warrior
             ... wielding a +0 short sword
              (9 damage)
             ... on level 6 of the Dungeon.
             The game lasted 00:09:01 (6612 turns).

Scuka the Destroyer (White Draconian Conjurer)      Turns: 6612, Time: 00:09:02

Health: 0/57       AC:  9    Str: 11    XL:     8   Next: 22%
Magic:  1/16       EV: 12    Int: 20    God:
Gold:   119        SH:  0    Dex:  9    Spells: 8/17 levels left

rFire   . . .        v - +2 dagger (venom)
rCold   + . .        (no shield)
rNeg    + . .        (body armour unavailable)
rPois   .            (helmet restricted)
rElec   .            x - +0 cloak
rCorr   .            (no gloves)
SInv    .            s - +1 pair of boots
Will    .....        (no amulet)
Stlth   ++           j - ring of flight
HPRegen 0.29/turn    p - ring of positive energy
MPRegen 0.15/turn

%: no passive effects
@: flying
A: breathe frost, AC +6, unfitting armour, cold resistance 1, cold-blooded
a: Breathe Frost


You were on level 6 of the Dungeon.
You visited 2 branches of the dungeon, and saw 7 of its levels.

You collected 291 gold pieces.
You spent 172 gold pieces at shops.

Inventory:

Hand Weapons
 v - a +2 dagger of venom (weapon)
Missiles
 t - a throwing net
Armour
 s - a +1 pair of boots (worn)
 x - a +0 cloak (worn)
Jewellery
 j - a ring of flight (left hand)
 p - a ring of positive energy (right hand)
Scrolls
 b - a scroll of blinking {unknown}
 c - 2 scrolls of revelation
 d - a scroll of fear {unknown}
 f - 8 scrolls of teleportation
 g - 4 scrolls of identify {unknown}
 i - 2 scrolls of immolation {unknown}
 k - 3 scrolls of amnesia {unknown}
 l - a scroll of poison {unknown}
 o - a scroll of enchant armour {unknown}
 w - a scroll of vulnerability {unknown}
 y - a scroll of enchant weapon {unknown}
Potions
 a - a potion of magic
 e - a potion of attraction {unknown}
 h - 2 potions of ambrosia {unknown}
 m - a potion of brilliance {unknown}
 n - 2 potions of heal wounds
 q - 2 potions of curing {unknown}
 r - 2 potions of mutation {unknown}
 u - 3 potions of enlightenment {unknown}
 z - a potion of lignification {unknown}


   Skills:
 - Level 1.7 Dodging
 - Level 1.7 Stealth
 + Level 5.3 Spellcasting
 * Level 8.8 Conjurations
 + Level 1.3 Translocations
 + Level 1.2 Alchemy


You had 8 spell levels left.
You knew the following spells:

 Your Spells              Type           Power      Damage    Failure   Level
a - Magic Dart            Conj           100%       1d8       1%          1
b - Fulminant Prism       Conj/Alch      12%        3d9       14%         4
c - Iskenderun's Mystic   Conj/Tloc      25%        2d7       14%         4

Your spell library contained the following spells:

 Spells                   Type           Power      Damage    Failure   Level
 Searing Ray              Conj           80%        2d7       1%          2
 Arcjolt                  Conj/Air       11%        1d21      45%         5
 Metabolic Englaciation   Hex/Ice        2%         N/A       97%         5


Dungeon Overview and Level Annotations

Branches:
Dungeon (6/15)             Temple (1/1) D:5

Altars:
Ashenzari
Cheibriados
Dithmenos
Elyvilon
Fedhas
Hepliaklqana
Makhleb
Nemelex Xobeh
Okawaru
Ru
Trog
Uskayaw
Zin
The Shining One

Shops:
D:5 ?


Innate Abilities, Weirdness & Mutations

You can breathe waves of freezing cold which knock back foes.
Your icy white scales are hard. (AC +6)
You cannot fit into any form of body armour.
Your flesh is cold resistant. (rC+)
You are cold-blooded and may be slowed by cold attacks.


Message History

Unknown command.
Aiming: Breathe Frost (4% risk of failure)
Press: ? - help, Shift-Dir - straight line, f - orc priest
Aim: an orc priest, wielding a +0 trident and wearing a +0 leather armour (lightly wounded, 68% to hit)
You exhale a wave of freezing cold.
The freezing breath hits the orc priest!
You kill the orc priest!
The hound closely misses you.
The orc warrior hits you with a +0 short sword.
Unknown command.
Casting: Iskenderun's Mystic Blast (dangerous; 14% risk of failure)
Confirm with . or Enter, or press ? or * to list all spells.
You erupt in a blast of force!
The mystic blast hits the howler monkey!
The howler monkey is heavily wounded.
The howler monkey is knocked back by the mystic blast.
The mystic blast hits the orc warrior but does no damage.
The mystic blast hits the steam dragon!
The steam dragon is moderately wounded.
The steam dragon is knocked back by the mystic blast.
The mystic blast hits the hound!
The hound is heavily wounded.
The hound is knocked back by the mystic blast.
The hound slams into the stone wall!
The hound is severely wounded.
You are engulfed in a cloud of scalding steam.
* * * LOW HITPOINT WARNING * * *
The orc warrior hits you but does no damage.
Unknown command.
Found a stone staircase leading up.
The hound bites you.
* * * LOW HITPOINT WARNING * * *
Things that are here:
a +0 trident; a +0 leather armour; a scroll labelled TIUPSIXOUL The hound barely misses you.
A scorpion comes into view.
You have got your breath back.
The hound misses you.
The orc warrior attacks as it pursues you!
The orc warrior hits you with a +0 short sword!
You die...

##### ###
#...#####
#<.##...##.<#
#...#...#...# #
#..#...#).###.
#.###....)###...
##.......@.......
........⌠ho......
#...............
!..###...D.###...
#..#..l#..# ..
#...#h..#...# .
#>. #...##.<#
####....# ###
....###


You could see a steam dragon, an orc warrior, a howler monkey, an iguana and a
hound.

Vanquished Creatures
  A water moccasin (D:5)
  An orc warrior (D:5)
  A phantom (D:6)
  2 scorpions (D:5)
  A jelly (D:4)
  2 howler monkeys (D:5)
  4 orc priests
  A bombardier beetle (D:5)
  2 hounds
  2 iguanas (D:5)
  6 orc wizards (D:5)
  8 gnolls (D:4)
  6 adders
  A shadow imp (D:5)
  A dart slug (D:1)
  33 orcs
  7 endoplasms
  7 giant cockroaches
  13 goblins
  17 hobgoblins
  9 jackals
  4 quokkas
  2 ball pythons
  2 bats (D:1)
  2 frilled lizards
  9 kobolds
  5 rats
149 creatures vanquished.

Vanquished Creatures (others)
  2 fulminant prisms (D:5)
2 creatures vanquished.

Grand Total: 151 creatures vanquished

Notes
Turn   | Place    | Note
-------+----------+-------------------------------------------
     0 | D:1      | Scuka the Draconian Conjurer began the quest for the Orb.
     0 | D:1      | Reached XP level 1. HP: 14/14 MP: 3/3
   203 | D:1      | Reached XP level 2. HP: 20/20 MP: 0/5
   849 | D:1      | Reached XP level 3. HP: 20/26 MP: 3/6
  1229 | D:1      | Found a snail-covered altar of Cheibriados.
  1746 | D:2      | Found a faded altar of an unknown god.
  2180 | D:3      | Reached skill level 5 in Conjurations
  2343 | D:3      | Reached XP level 4. HP: 17/33 MP: 4/8
  2562 | D:3      | Got the Codex of the Brume and Spellbinding
  3050 | D:4      | Reached XP level 5. HP: 38/38 MP: 0/9
  3184 | D:4      | Found a glowing golden altar of the Shining One.
  3496 | D:4      | Reached skill level 6 in Conjurations
  4003 | D:4      | Learned a level 4 spell: Fulminant Prism
  4037 | D:4      | Learned a level 4 spell: Iskenderun's Mystic Blast
  4162 | D:4      | Found a shadowy altar of Dithmenos.
  4194 | D:4      | Reached XP level 6. HP: 21/45 MP: 3/11
  4915 | D:5      | Entered Level 5 of the Dungeon
  5113 | D:5      | Noticed a water moccasin
  5126 | D:5      | Killed a water moccasin
  5127 | D:5      | Reached skill level 7 in Conjurations
  5127 | D:5      | Your scales start taking on an icy white colour.
  5127 | D:5      | Reached XP level 7. HP: 25/50 MP: 0/13
  5127 | D:5      | Gained mutation: Your flesh is cold resistant. (rC+) [White
                  | Draconian growth]
  5365 | D:5      | Found Jynkinn's Magic Scroll Shoppe.
  5373 | D:5      | Bought a scroll of teleportation for 45 gold pieces
  5373 | D:5      | Bought a scroll of revelation for 112 gold pieces
  5373 | D:5      | Bought a scroll of noise for 15 gold pieces
  5744 | D:5      | Reached skill level 8 in Conjurations
  5859 | D:5      | Identified the +5 sling of Breach {antimagic, ^Fragile rF+
                  | rN+}
  5883 | D:5      | Reached skill level 5 in Spellcasting
  6204 | D:5      | Reached XP level 8. HP: 45/57 MP: 12/15
  6297 | D:5      | Found a staircase to the Ecumenical Temple.
  6307 | Temple   | Entered the Ecumenical Temple
  6606 | D:6      | Reached skill level 1 in Translocations
  6606 | D:6      | Reached skill level 1 in Alchemy
  6612 | D:6      | Slain by an orc warrior

Illustrated notes

Levels and vault maps discovered:
D:1:      dpeg_arrival_lava_altar, layout_basic, serial_forest,
          infiniplex_forest_end_2, infiniplex_forest_clump_medium,
          infiniplex_forest_lined_room_2, infiniplex_forest_clump_double,
          infiniplex_forest_end_2, infiniplex_forest_lined_corner,
          infiniplex_forest_zigzag_2
D:2:      layout_basic, hellmonk_ecumenical_altar_lost_god
D:3:      layout_rooms, fountainhead
D:4:      corexii_shantytown, layout_loops_ring, mainiacjoe_overflow_alcove_1,
          mainiacjoe_overflow_concentric_impassable
D:5:      layout_loops_corners, minmay_temple_entry_fiery, serial_shops, shop
D:6:      layout_basic, grunt_ministairs_6, nicolae_shop_gadgets
Temple:   hellmonk_temple_forest_ring

Skill      XL: |  1  2  3  4  5  6  7  8 |
---------------+-------------------------+-----
Conjurations   | 5 6 7 8 |  8.8
Spellcasting   | 3 4 5 |  5.3
Translocations | 1 |  1.3
Alchemy        | 1 |  1.2
Dodging        | |  1.7
Stealth        | |  1.7

Action                     |  1- 3 |  4- 6 |  7- 9 || total
---------------------------+-------+-------+-------++-------
  Melee: Unarmed           |     3 |       |       ||     3
         Short sword       |    62 |    55 |       ||   117
         Tailslap          |     7 |    10 |     6 ||    23
         Dagger            |       |    56 |    75 ||   131
   Cast: Magic Dart        |    78 |   151 |    67 ||   296
         Fulminant Prism   |       |     1 |     1 ||     2
         Iskenderun's Myst |       |       |     1 ||     1
Ability: Breathe Frost     |       |       |     3 ||     3
    Use: Potion            |       |       |     1 ||     1
   Stab: Sleeping          |       |     1 |       ||     1
 Armour: Skin              |    46 |    99 |    71 ||   216
  Dodge: Dodged            |    45 |    90 |    53 ||   188
